 Dungeon Crawl Stone Soup version 0.28-a0-503-g83f2989fac (webtiles) character file.

Game seed: 6235917252329259254

42 ZARRMARR the Skirmisher (level 3, 0/29 HPs)
             Began as a Mummy Cinder Acolyte on Sept 20, 2021.
             Was a High Priest of Ignis.
             Slain by a centaur (1 damage)
             ... on level 3 of the Dungeon.
             The game lasted 00:05:23 (2457 turns).

ZARRMARR the Skirmisher (Mummy Cinder Acolyte)      Turns: 2457, Time: 00:05:25

Health: 0/29       AC:  2    Str: 17    XL:     3   Next: 35%
Magic:  5/5        EV: 11    Int: 20    God:    Ignis [*****.]
Gold:   65         SH:  0    Dex:  7    Spells: 5/5 levels left

rFire   . . .      SeeInvis .   a - -1 mace (flame)
rCold   + . .      Faith    .   (no shield)
rNeg    + + +      Spirit   .   b - +0 robe
rPois   ∞          Reflect  .   (no helmet)
rElec   .          Harm     .   (no cloak)
rCorr   .          Rampage  .   (no gloves)
Will    +....                   (no boots)
Stlth   +.........              (no amulet)
HPRegen 0.09/turn               c - ring of willpower
MPRegen 0.09/turn               f - +6 ring of intelligence

@: no status effects
A: cold resistance 1, negative energy resistance 3, torment resistance 2, heat
vulnerability 1, no potions
a: Renounce Religion, Sea of Fire, Foxfire Swarm, Rising Flame


You were on level 3 of the Dungeon.
You worshipped Ignis.
Ignis was extremely pleased with you.
You visited 1 branch of the dungeon, and saw 3 of its levels.

You collected 65 gold pieces.

Inventory:

Hand Weapons
 a - a -1 mace of flaming (weapon)
Armour
 b - a +0 robe (worn)
Jewellery
 c - a ring of willpower (left hand)
 f - a +6 ring of intelligence (right hand)
Scrolls
 h - a scroll of enchant weapon {unknown}


   Skills:
 + Level 3.3 Fighting
 + Level 2.8 Maces & Flails
 - Level 0.5 Dodging
 + Level 1.7 Spellcasting
 + Level 2.8 Fire Magic


You had 5 spell levels left.
You didn't know any spells.
Your spell library contained the following spells:

 Spells                   Type           Power      Damage    Failure   Level
 Scorch                   Fire           26%        2d6       8%          2
 Dazzling Flash           Conj/Hex       2%         N/A       43%         3
 Swiftness                Air            1%         N/A       43%         3
 Fulminant Prism          Conj/Hex       0%         3d6       85%         4
 Storm Form               Tmut/Air       Unusable   N/A       N/A         7

Dungeon Overview and Level Annotations

Branches:
Dungeon (3/15)

Altars:


Innate Abilities, Weirdness & Mutations

You are immune to poison.
Your flesh is cold resistant. (rC+)
You are immune to negative energy. (rN+++)
You are immune to unholy pain and torment.
You are vulnerable to heat. (rF-)
You do not drink.


Message History

The centaur closely misses you.
You hit the centaur but do no damage. The centaur hits you.
The centaur kicks you.
You are too injured to fight recklessly!
You are too injured to fight recklessly!
You are too injured to fight recklessly!
You are too injured to fight recklessly!
You are too injured to fight recklessly!
You are too injured to fight recklessly!
You are too injured to fight recklessly!
You are too injured to fight recklessly!
You are too injured to fight recklessly!
You are too injured to fight recklessly!
You are too injured to fight recklessly!
You are too injured to fight recklessly!
You are too injured to fight recklessly!
You are too injured to fight recklessly!
You are too injured to fight recklessly!
You are too injured to fight recklessly!
You are too injured to fight recklessly!
You are too injured to fight recklessly!
You are too injured to fight recklessly!
You are too injured to fight recklessly!
You are too injured to fight recklessly!
You are too injured to fight recklessly!
You are too injured to fight recklessly!
You are too injured to fight recklessly!
You are too injured to fight recklessly!
You hit the centaur but do no damage. The centaur barely misses you.
The centaur kicks you. The centaur hits you.
* * * LOW HITPOINT WARNING * * *
The centaur kicks you.
* * * LOW HITPOINT WARNING * * *
You hit the centaur. You burn the centaur.
The centaur is moderately wounded.
The centaur hits you but does no damage.
The centaur kicks you.
* * * LOW HITPOINT WARNING * * *
The centaur hits you.
You die...

#....# ##...# #.##.#
##.###. #.##.# ###.##
## #.##.# #...# #
#.##.# #.#.## ##
#.##.###.##.###.
##.##...........#
#!####................
#...c@....####.######.
######...## #. ##
##.## .. #.# . #.# #.
#.# #.#


You could see a centaur.

Vanquished Creatures
  A worm (D:2)
  An orc (D:2)
  3 bats
  An endoplasm (D:1)
  3 giant cockroaches (D:1)
  5 goblins (D:1)
  6 hobgoblins
  A quokka (D:1)
  6 ball pythons
  2 frilled lizards (D:2)
  2 kobolds
  3 rats
34 creatures vanquished.

Notes
Turn   | Place    | Note
-------+----------+-------------------------------------------
     0 | D:1      | ZARRMARR the Mummy Cinder Acolyte began the quest for the
                  | Orb.
     0 | D:1      | Reached XP level 1. HP: 18/18 MP: 2/2
   342 | D:1      | Reached XP level 2. HP: 24/24 MP: 4/4
   965 | D:1      | Got the Tome of Feathery Malediction
  1653 | D:2      | Reached XP level 3. HP: 29/29 MP: 5/5
  1709 | D:2      | Found a faded altar of an unknown god.
  1709 | D:2      | Noticed a shadow demon
  2448 | D:3      | Noticed a centaur
  2457 | D:3      | HP: 1/29 [centaur (2)]
  2457 | D:3      | Slain by a centaur

Illustrated notes

Levels and vault maps discovered:
D:1:      mrwooster_arrival_statue_3, layout_basic
D:2:      layout_rooms, dreamdust_ecumenical_altar_sealed_demon, minmay_puff
D:3:      layout_loops_ring, kennysheep_generic_room_15, uniq_natasha

Action                   || total
-------------------------++-------
Melee: Mace              ||   110
  Use: Scroll            ||     4
Armor: Robe              ||    21
Dodge: Dodged            ||    69

Table legend: (Time is in decaauts)
 A = Elapsed time spent in this place.
 B = Non-inter-level travel time spent in this place.
 C = Inter-level travel time spent in this place.
 D = Time resting spent in this place.
 E = Time spent auto-exploring this place.
 F = Levels seen in this place.
 G = Mean time per level.
                   A        B        C        D        E       F      G
               +--------+--------+--------+--------+--------+-----+--------+
         Total |   2484 |   2462 |     22 |    173 |   1991 |   3 |  828.0 |
       Dungeon |   2484 |   2462 |     22 |    173 |   1991 |   3 |  828.0 |
               +--------+--------+--------+--------+--------+-----+--------+

Top non-repeatable levels by time:
     D:1: 1268 daAuts
     D:2: 1157 daAuts
     D:3: 58 daAuts
